 Dungeon Crawl Stone Soup version 0.17.0-28-g6e173f8 (webtiles) character file.

11734 Redz the Basher (level 11, -3/71 HPs)
             Began as a Gargoyle Skald on Nov 24, 2015.
             Was a High Priest of Okawaru.
             Slain by a spiny frog (17 damage)
             ... on level 2 of the Lair of Beasts.
             The game lasted 01:05:06 (14251 turns).

Redz the Basher (Gargoyle Skald)                   Turns: 14251, Time: 01:05:06

Health: -3/71      AC: 16    Str: 17    XL:     11   Next: 82%
Magic:  18/19      EV: 13    Int: 15    God:    Okawaru [*****.]
Gold:   618        SH:  0    Dex:  9    Spells: 5 memorised, 10 levels left

rFire  + . .     SeeInvis .     w - +2 dire flail (crush)
rCold  . . .     Clarity  .     z - +2 robe {MR+}
rNeg   + . .     SustAt   .     (shield currently unavailable)
rPois  ∞         Gourm    .     t - +2 hat {MR+}
rElec  +         Spirit   .     r - +0 cloak
rCorr  .         Warding  .     l - +0 pair of gloves
rMut   .         Stasis   .     (no boots)
MR     ++...                    y - amulet of regeneration
Stlth  +++.......               (no ring)
                                m - ring of protection from fire

@: very resistant to hostile enchantments, fairly stealthy
A: negative energy resistance 1, electricity resistance, unbreathing,
petrification resistance, rot immunity, AC +7
a: Heroism, Finesse, Renounce Religion


You were on level 2 of the Lair of Beasts.
You worshipped Okawaru.
Okawaru was extremely pleased with you.
You were not hungry.

You visited 3 branches of the dungeon, and saw 14 of its levels.

You collected 734 gold pieces.
You spent 116 gold pieces at shops.

Inventory:

Hand Weapons
 e - a +0 flail
 p - a +2 great mace of draining
 w - a +2 dire flail of crushing (weapon)
Armour
 l - a +0 pair of gloves (worn)
 r - a +0 cloak (worn)
 t - a +2 hat of magic resistance (worn)
 z - a +2 robe of magic resistance (worn)
Jewellery
 m - a ring of protection from fire (left hand)
 y - an amulet of regeneration (around neck)
Wands
 b - a wand of digging (16)
 q - a wand of slowing (27)
 A - a wand of invisibility (5)
 C - a wand of cold (0)
 D - a wand of draining (6)
Scrolls
 h - 4 scrolls of identify
 i - 2 scrolls of magic mapping
 n - 2 scrolls of remove curse
 x - a scroll of teleportation
Potions
 a - a potion of magic
 f - 3 potions of brilliance
 j - 2 potions of heal wounds
 s - a potion of ambrosia
 u - 3 potions of flight
 v - a potion of haste
 F - a potion of resistance
Books
 c - a book of Battle

   Spells                             Type                      Level
   a - Infusion                       Charms                       1
   b - Shroud of Golubria             Charms/Translocation         2
   c - Song of Slaying                Charms                       2
   d - Spectral Weapon                Hexes/Charms                 3
   e - Regeneration                   Charms/Necromancy            3
Comestibles
 d - 10 bread rations
 g - 6 meat rations
 k - 3 chunks of flesh
 E - 10 slices of pizza


   Skills:
 * Level 9.2 Fighting
 * Level 9.6 Maces & Flails
 * Level 7.0 Armour
 * Level 5.3 Dodging
 + Level 7.1 Stealth
 + Level 5.6 Spellcasting
 + Level 6.3 Charms


You had 10 spell levels left.
You knew the following spells:

 Your Spells              Type           Power        Failure   Level  Hunger
a - Infusion              Chrm           ###...       1%          1    None
b - Shroud of Golubria    Chrm/Tloc      ##........   8%          2    #......
c - Regeneration          Chrm/Necr      ##........   14%         3    ###....
d - Spectral Weapon       Hex/Chrm       ##......     14%         3    ###....
e - Song of Slaying       Chrm           ###.....     1%          2    #......


Dungeon Overview and Level Annotations

Branches:
Dungeon (11/15)            Temple (1/1) D:7            Lair (2/8) D:9
    Orc (0/4) D:9

Altars:
Ashenzari
Cheibriados
Dithmenos
Elyvilon
Fedhas
Gozag
Kikubaaqudgha
Makhleb
Nemelex Xobeh
Okawaru
Qazlal
Ru
Sif Muna
Trog
Vehumet
Xom
Yredelemnul
Zin
The Shining One

Shops:
D:10 *


Innate Abilities, Weirdness & Mutations

You are resistant to torment.
Your stone body is resilient (AC +7).
You are immune to poison.
You resist negative energy.
You are resistant to electric shocks.
You can survive without breathing.
You are immune to petrification.
You are immune to rotting.


Message History

The spiny frog stings the plant!
The spiny frog croaks.
You barely miss the spiny frog. The spiny frog barely misses you.
You sock the spiny frog!
The spiny frog is heavily wounded.
The spiny frog closely misses you.
You closely miss the spiny frog.
The spiny frog is heavily wounded.
The spiny frog stings you!
You hit the spiny frog.
The spiny frog is severely wounded.
The spiny frog stings you!
You closely miss the spiny frog.
The spiny frog is severely wounded.
The spiny frog stings you!!
* * * LOW HITPOINT WARNING * * *
You hit the spiny frog but do no damage.
The spiny frog is severely wounded.
The spiny frog stings you!
You die...

.. ♣♣. P. ♣F♣ ♣♣≈≈
♣♣P≈P ♣♣♣♣
♣P♣≈≈.≈♣♣≈.♣#♣
≈≈.≈≈≈.≈F@.%.##
♣P♣♣≈.≈≈≈P♣♣[.#
♣P≈♣♣♣♣♣♣.## ♣♣≈ ♣#.#
♣P ##..# ♣≈≈ #..##
.♣P.≈ ##..## #
.....###..#..###. ####
..........##..#.###..#


You could see a spiny frog.

Vanquished Creatures
  A hill giant (D:10)
  2 spiny frogs
  Psyche (D:8)
  A centaur skeleton (D:11)
  A two-headed ogre (D:10)
  4 blink frogs (Lair:1)
  12 yaks
  A basilisk (Lair:2)
  5 hippogriffs
  4 porcupines
  6 orc warriors
  4 water moccasins
  A black bear (D:9)
  3 sky beasts
  3 ice beasts
  2 phantoms
  The ghost of aagapovjr the Firebug, an amateur DrFE (D:4)
  3 centaurs
  2 necrophages
  6 ogres
  2 crocodiles
  9 giant frogs
  2 scorpions
  A water moccasin skeleton (D:8)
  19 killer bees
  4 crimson imps
  A giant frog zombie (D:5)
  9 iguanas
  A centaur zombie (D:4)
  4 hounds
  8 orc priests
  2 giant frog skeletons
  10 orc wizards
  6 worker ants
  A killer bee zombie (D:6)
  A hound skeleton (D:8)
  A worker ant zombie (D:7)
  3 gnolls
  A river rat (Lair:2)
  12 adders
  A shadow imp (D:7)
  2 adder zombies (D:4)
  3 oozes
  An adder skeleton (D:5)
  8 giant geckos
  41 orcs
  4 ball pythons
  7 bats
  9 goblins
  A hobgoblin (D:3)
  6 jackals
  6 quokkas
  A ball python zombie (D:4)
  5 giant cockroaches
  3 giant gecko skeletons
  7 giant newts
  A jackal zombie (D:9)
  7 kobolds
  A quokka skeleton (D:4)
  2 quokka zombies (D:4)
  3 rats
279 creatures vanquished.

Vanquished Creatures (collateral kills)
  A giant frog (D:9)
  An orc (D:9)
2 creatures vanquished.

Vanquished Creatures (others)
  A fungus (Lair:2)
  7 plants (Lair:2)
  2 spectral weapons
10 creatures vanquished.

Grand Total: 291 creatures vanquished

Notes
Turn   | Place    | Note
--------------------------------------------------------------
     0 | D:1      | Redz the Gargoyle Skald began the quest for the Orb.
     0 | D:1      | Reached XP level 1. HP: 12/12 MP: 3/3
   271 | D:1      | Reached XP level 2. HP: 9/18 MP: 5/5
   275 | D:1      | Learned a level 2 spell: Shroud of Golubria
   352 | D:1      | Reached skill level 1 in Dodging
   903 | D:2      | Reached XP level 3. HP: 22/22 MP: 6/6
  1287 | D:2      | Reached skill level 3 in Maces & Flails
  1424 | D:2      | Found a blossoming altar of Fedhas.
  1607 | D:3      | Reached XP level 4. HP: 11/27 MP: 7/7
  1616 | D:3      | Learned a level 3 spell: Regeneration
  1898 | D:3      | Reached skill level 1 in Stealth
  1906 | D:3      | Reached XP level 5. HP: 20/32 MP: 0/8
  3288 | D:5      | Entered Level 5 of the Dungeon
  3375 | D:5      | Learned a level 3 spell: Spectral Weapon
  3667 | D:4      | Reached XP level 6. HP: 9/37 MP: 4/9
  4286 | D:4      | Reached skill level 4 in Maces & Flails
  4985 | D:4      | Reached XP level 7. HP: 27/43 MP: 11/11
  5009 | D:4      | Noticed aagapovjr's ghost (amateur DrFE)
  5294 | D:4      | Killed aagapovjr's ghost
  5296 | D:4      | Found a burning altar of Makhleb.
  5979 | D:5      | Found an opulent altar of Gozag.
  6103 | D:5      | Noticed an ice beast
  6113 | D:5      | Killed an ice beast
  6113 | D:5      | Reached skill level 5 in Fighting
  6113 | D:5      | Reached XP level 8. HP: 49/49 MP: 6/12
  6151 | D:5      | Reached skill level 5 in Maces & Flails
  6169 | D:5      | Noticed a sky beast
  6240 | D:5      | Killed a sky beast
  6529 | D:5      | Found a stormy altar of Qazlal.
  6670 | D:6      | Learned a level 2 spell: Song of Slaying
  7707 | D:7      | Found a staircase to the Ecumenical Temple.
  7718 | D:7      | Reached XP level 9. HP: 19/55 MP: 5/14
  7933 | D:7      | Reached skill level 6 in Fighting
  7966 | Temple   | Entered the Ecumenical Temple
  7990 | Temple   | Became a worshipper of Warmaster Okawaru
  8340 | D:7      | HP: 2/55 [orc warrior/vampiric halberd (16)]
  9007 | D:8      | Found a glowing silver altar of Zin.
  9009 | D:8      | Found a sparkling altar of Nemelex Xobeh.
  9112 | D:8      | Reached * piety under Okawaru
  9140 | D:8      | Noticed Psyche
  9150 | D:8      | Killed Psyche
  9150 | D:8      | Reached skill level 5 in Stealth
  9222 | D:8      | You fall through a shaft for 3 floors!
  9229 | D:10     | Entered Level 10 of the Dungeon
  9247 | D:10     | Reached ** piety under Okawaru
  9247 | D:10     | Reached skill level 7 in Fighting
  9247 | D:10     | Reached skill level 5 in Armour
  9247 | D:10     | Reached skill level 5 in Charms
  9277 | D:10     | Noticed a hill giant
  9303 | D:10     | Found Reoppus's Assorted Antiques.
  9317 | D:10     | Bought a scroll labeled BIEHUM AZXOCK for 31 gold pieces
  9317 | D:10     | Bought a scroll labeled SEEBUT CICLED for 31 gold pieces
  9443 | D:10     | Reached XP level 10. HP: 63/63 MP: 12/16
  9472 | D:9      | Found a staircase to the Lair.
  9713 | D:8      | Found a shadowy altar of Dithmenos.
 10221 | D:9      | Found a stormy altar of Qazlal.
 10678 | D:9      | HP: 1/63 [orc warrior/glaive (8)]
 11050 | D:9      | Found a staircase to the Orcish Mines.
 11193 | D:9      | Noticed a tengu warrior
 11447 | D:8      | Reached *** piety under Okawaru
 11675 | D:9      | Reached skill level 8 in Maces & Flails
 11675 | D:9      | Reached skill level 5 in Spellcasting
 11927 | D:9      | Reached **** piety under Okawaru
 12247 | D:7      | Reached XP level 11. HP: 62/69 MP: 13/18
 12664 | D:10     | Killed a hill giant
 12729 | D:10     | Noticed a kobold demonologist
 12747 | D:11     | Noticed a centaur skeleton
 12757 | D:11     | Killed a centaur skeleton
 12840 | D:10     | Bought a murky white potion for 27 gold pieces
 12840 | D:10     | Bought an amethyst potion for 27 gold pieces
 12979 | Lair:1   | Entered Level 1 of the Lair of Beasts
 13062 | Lair:1   | Reached skill level 9 in Maces & Flails
 13082 | Lair:1   | Reached ***** piety under Okawaru
 13691 | Lair:1   | Reached skill level 5 in Dodging
 13713 | Lair:1   | Received a gift from Okawaru
 14158 | Lair:2   | Received a gift from Okawaru
 14251 | Lair:2   | Slain by a spiny frog

Action                   |  1- 3 |  4- 6 |  7- 9 | 10-12 || total
-------------------------+-------+-------+-------+-------++-------
Melee: Mace              |   108 |    44 |       |       ||   152
       Flail             |       |   267 |   173 |       ||   440
       Great mace        |       |       |   186 |    92 ||   278
       Dire flail        |       |       |       |   428 ||   428
 Cast: Shroud of Golubri |       |    21 |    18 |    17 ||    56
       Infusion          |       |    13 |    19 |     4 ||    36
       Spectral Weapon   |       |       |     2 |     1 ||     3
       Song of Slaying   |       |       |     2 |     8 ||    10
       Regeneration      |       |       |     1 |     1 ||     2
Invok: Heroism           |       |       |       |     1 ||     1
Evoke: Box of beasts     |       |       |       |     1 ||     1
       Wand              |       |       |       |     4 ||     4
  Use: Potion            |       |     4 |     3 |     2 ||     9
       Scroll            |       |     5 |     5 |     8 ||    18
 Stab: Sleeping          |       |       |     5 |     8 ||    13
       Distracted        |       |       |       |     2 ||     2
  Eat: Chunk             |     2 |    10 |     8 |    13 ||    33
       Beef jerky        |       |     1 |     1 |     1 ||     3
       Meat ration       |       |     1 |       |     1 ||     2
       Bread ration      |       |       |     1 |       ||     1
